Cogmind - Beta 15 @@@ ROGUE MODE // 2025.06.09 @ 19:39:21 Player: puppuppit Result: Destroyed by S-10 Pest with Light Assault Rifle Performance ------------- Evolutions (0) 0 Regions Visited (2) 400 Robots Destroyed (33) 165 Value Destroyed (657) 657 Prototype IDs (0) 0 Alien Tech Used (0) 0 Bonus (0) 0 TOTAL SCORE: 1222 Bonus ------- None Cogmind --------- Core Integrity 0/250 Matter 300/300 Energy 160/160 System Corruption 0% Temperature Hot (261) Movement Treading (160) Location -10/Mines Parts ------- > --- POWER (1) -------- Light Nuclear Core > --- PROPULSION (2) --- Light Treads Light Treads > --- UTILITY (2) ------ Heat Sink Medium Storage Unit > --- WEAPON (2) ------- Small Laser Small Laser > --- INVENTORY (10) --- Light Treads Light Treads Light Treads Light Treads Medium Matter Pod (100) Medium Matter Pod (100) Improved Terrain Scanner Improved Terrain Scanner Peak State ------------ > --- POWER ------------ Light Nuclear Core > --- PROPULSION ------- Light Treads Light Treads > --- UTILITY ---------- Heat Sink Medium Storage Unit > --- WEAPON ----------- Small Laser Particle Gun > --- INVENTORY -------- Light Treads Light Treads Medium Matter Pod Medium Matter Pod Improved Terrain Scanner Improved Terrain Scanner Small Laser Light Cannon [Rating: 11] Favorites ----------- Power Light Nuclear Core Engine Ion Engine Power Core Light Nuclear Core Propulsion Light Treads Treads Light Treads Utility Medium Storage Unit Device Heat Sink Storage Medium Storage Unit Weapon Small Laser Energy Gun Small Laser Ballistic Gun Assault Rifle Ballistic Cannon Light Cannon Build | -11 -10 -10 ------- Run | Yrd Mat Min Slots Evolved . | . . . Power . | . . . Propulsion . | . . . Utility . | . . . Weapon . | . . . Parts Attached 14 | 7 7 . Power 2 | 1 1 . Engine 1 | 1 . . Core 1 | . 1 . Reactor . | . . . Propulsion 3 | 2 1 . Treads 3 | 2 1 . Leg . | . . . Wheel . | . . . Hover . | . . . Flight . | . . . Utility 4 | 2 2 . Device 2 | 1 1 . Storage 2 | 1 1 . Processor . | . . . Hackware . | . . . Protection . | . . . Artifact . | . . . Weapon 5 | 2 3 . Energy Gun 3 | 1 2 . Energy Cannon . | . . . Ballistic Gun 1 | 1 . . Ballistic Cannon 1 | . 1 . Launcher . | . . . Special Weapon . | . . . Impact Weapon . | . . . Slashing Weapon . | . . . Piercing Weapon . | . . . Special Melee Weapon . | . . . Unidentified Prototypes . | . . . Parts Lost 5 | . 3 2 Power 1 | . 1 . Propulsion 1 | . 1 . Utility . | . . . Weapon 3 | . 1 2 Highest Loss Streak 2 | . 2 2 To Critical Strikes . | . . . Average Backups 7 | . 6 9 Power . | . . . Propulsion 2 | . 1 4 Utility 3 | . 4 4 Weapon 1 | . . 1 Tool/Special . | . . . Unused Backups 8 | . . 8 Power . | . . . Propulsion 4 | . . 4 Utility 4 | . . 4 Weapon . | . . . Tool/Special . | . . . Average Slot Usage (%) 97 | . 94 100 Engine 3 | . 8 . Core 8 | . 1 14 Treads 27 | . 26 28 Device 14 | . 14 14 Storage 14 | . 14 14 Energy Gun 18 | . 8 28 Ballistic Gun 5 | . 10 . Ballistic Cannon 4 | . 8 . Peak Build Rating 11 | 9 11 11 Average Rating 9 | 6 9 10 On Entrance 6 | . 9 11 Naked Turns . | . . . Heaviest Build 21 | 14 21 20 Greatest Support 40 | 40 40 40 Greatest Overweight (x) . | . . . Average Overweight (x) . | . . . Largest Inventory Capacity 10 | 8 10 10 Average Capacity 9 | 7 9 10 Most Carried 10 | 4 10 10 Average Carried 7 | . 7 9 Final Capacity 10 | 8 10 10 Final Carried 10 | 4 10 8 Class Distribution -------------------- 100% | Mutant Dominant Class ---------------- Mutant | -10/Materials Mutant | -10/Mines Resources | -11 -10 -10 ----------- Run | Yrd Mat Min Matter Collected 907 | 299 479 129 Remotely . | . . . Salvage Created 1096 | 217 500 379 Parts 63 | 20 25 18 Haulers Intercepted . | . . . Recyclers Shooed 3 | . 2 1 Parts Field Recycled . | . . . Retrieved Matter . | . . . Parts Self-Destructed . | . . . Prevented . | . . . Kills | -11 -10 -10 ------- Run | Yrd Mat Min Combat Hostiles Destroyed 16 | . 10 6 Guns 13 | . 7 6 Cannons 3 | . 3 . Classes Destroyed 7 | 3 3 1 Worker 4 | 2 . 2 Builder 2 | . 1 1 Tunneler 6 | 5 . 1 Recycler 4 | 1 2 1 Operator 1 | . 1 . Swarmer 2 | . . 2 Grunt 14 | . 10 4 Best Kill Streak 7 | 7 4 3 Combat Bots Only 3 | . 3 2 Max Kills in Single Turn 2 | 2 1 1 Gunslinging . | . . . Exploded . | . . . Melee . | . . . Uniques/NPCs Destroyed . | . . . Combat | -11 -10 -10 -------- Run | Yrd Mat Min Hostile Shots Fired 112 | . 78 34 Missed 29 | . 24 5 Hits 83 | . 54 29 Projectile 83 | . 54 29 Critical Strikes 2 | . 2 . Damage Taken 1077 | . 727 350 Core 255 | . 172 83 Absorbed by Shields . | . . . Core Remaining (%) 100 | 100 . . Volleys Fired 104 | 19 50 35 Largest 2 | 2 2 2 Hottest 105 | 60 105 105 Shots Fired 199 | 37 100 62 Gun 157 | 37 59 61 Cannon 42 | . 41 1 Launcher . | . . . Special . | . . . Kinetic 105 | 19 85 1 Thermal 94 | 18 15 61 Explosive . | . . . Electromagnetic . | . . . Robot Hit Streak 20 | 11 20 8 Robot Miss Streak 4 | 4 3 2 Penetration Max . | . . . Secondary Targets . | . . . Shots Hit Robots 133 | 20 72 41 Core Hits 53 | 9 27 17 Critical Kills . | . . . Critical Parts Destroyed . | . . . Critical Strikes 1 | . . 1 Burn 1 | . . 1 Melee Attacks . | . . . Impact . | . . . Slashing . | . . . Piercing . | . . . Sneak Attacks . | . . . Combat Hostiles . | . . . Follow-up Attacks . | . . . Damage Inflicted 1841 | 264 1055 522 Guns 1370 | 264 584 522 Cannons 471 | . 471 . Explosions . | . . . Melee . | . . . Ramming . | . . . Kinetic 1067 | 143 924 . Thermal 774 | 121 131 522 Explosive . | . . . Electromagnetic . | . . . Impact . | . . . Slashing . | . . . Piercing . | . . . Highest Corruption . | . . . Average Corruption . | . . . Corruption Purged . | . . . Corruption Blocked . | . . . Overload Shots . | . . . Overflow Damage 4 | . 4 . Projectiles 4 | . 4 . Explosions . | . . . Melee . | . . . Knockbacks 6 | . 6 . Impact . | . . . Kinetic 6 | . 6 . Secondary . | . . . Self-Inflicted Damage . | . . . Shots . | . . . Rammed . | . . . Targets Rammed . | . . . Kicked . | . . . Crushed . | . . . Highest Temperature 270 | . 34 270 Average Temperature 81 | . 11 122 Received Heat Transfer 603 | . 444 159 Effects 3 | . . 3 Interference 3 | . . 3 Siege Activations . | . . . Martial Activations . | . . . Shielding Activations . | . . . Robots Disrupted . | . . . Combat Hostiles . | . . . Robots Corrupted . | . . . Combat Hostiles . | . . . Parts Fried . | . . . Impact Corruptions . | . . . Robots Melted . | . . . Combat Hostiles . | . . . Parts Melted 5 | . . 5 Heat Transferred 1840 | 275 286 1279 Parts Sabotaged . | . . . Parts Stolen . | . . . Parts Stripped . | . . . Power Chain Reactions . | . . . Alert | -11 -10 -10 ------- Run | Yrd Mat Min Maximum Alert Level 1 | . 1 . Low Security (%) 89 | 100 73 100 Level 1 10 | . 26 . Level 2 . | . . . Level 3 . | . . . Level 4 . | . . . Level 5 . | . . . High Security . | . . . Max Security . | . . . Peak Influence 228 | 15 228 115 Initial 75 | . 3 75 Average 71 | 4 121 48 Influence Increases 593 | 40 378 175 Destroy 0b10 Robot/C 320 | . 200 120 Destroy 0b10 Robot/NC 85 | 40 20 25 Destroy Leader 80 | . 50 30 Select Force Hacks 30 | . 30 . Destroy Structure 3 | . 3 . Lose Combat Pursuer 75 | . 75 . Influence Decreases 541 | 35 190 316 Entered New Map 120 | . 2 118 Time Decay 371 | 35 158 178 Lost Part 50 | . 30 20 Squads Dispatched 2 | . 2 . Investigation 1 | . 1 . Extermination . | . . . Reinforcement 1 | . 1 . Assault . | . . . Garrison . | . . . Intercept . | . . . Searches Triggered . | . . . Construction Impeded . | . . . Haulers Reinforced . | . . . Active Scanning Responses . | . . . Cargo Convoy Interrupts . | . . . Stealth | -11 -10 -10 --------- Run | Yrd Mat Min Distress Signals . | . . . Communications Jammed . | . . . Distress Signals . | . . . Times Spotted 24 | . 17 7 Peak Tracking Total 5 | . 5 5 Tactical Retreats 4 | . 4 . Traps | -11 -10 -10 ------- Run | Yrd Mat Min Traps Triggered . | . . . Indirectly . | . . . Trap Hack Attempts . | . . . Triggered . | . . . Disarmed . | . . . Reprogrammed . | . . . Reused . | . . . Traps Extracted . | . . . Installed . | . . . Triggered . | . . . Machines | -11 -10 -10 ---------- Run | Yrd Mat Min Machines Disabled . | . . . Max in Single Turn . | . . . Machines Repaired . | . . . Machines Dismantled . | . . . Machines Sabotaged . | . . . Overloaded Fab Kills . | . . . Hacking | -11 -10 -10 --------- Run | Yrd Mat Min Machines Accessed 1 | . 1 . Terminals . | . . . Fabricators . | . . . Repair Stations . | . . . Recycling Units 1 | . 1 . Scanalyzers . | . . . Garrison Access . | . . . Total Hacks 1 | . 1 . Successful 1 | . 1 . Failed . | . . . Catastrophic . | . . . Database Lockouts . | . . . Manual 1 | . 1 . Terminals . | . . . Fabricators . | . . . Repair Stations . | . . . Recycling Units 1 | . 1 . Scanalyzers . | . . . Garrison Access . | . . . Terminal Hacks . | . . . Fabricator Hacks . | . . . Repair Station Hacks . | . . . Recycling Unit Hacks . | . . . Scanalyzer . | . . . Garrison Access Hacks . | . . . Unauthorized Hacks 1 | . 1 . Terminals . | . . . Fabricators . | . . . Repair Stations . | . . . Recycling Units 1 | . 1 . Tunnel 1 | . 1 . Scanalyzers . | . . . Garrison Access . | . . . Data Cores Recovered . | . . . Used . | . . . Hacking Detections . | . . . Full Trace Events . | . . . Feedback Events . | . . . Feedback Blocked . | . . . Robot Schematics Acquired . | . . . Robots Built . | . . . Authchips . | . . . Time . | . . . Total Robot Build Rating . | . . . Part Schematics Acquired . | . . . Parts Built . | . . . Authchips . | . . . Time . | . . . Total Part Build Rating . | . . . Parts Repaired . | . . . Time . | . . . Parts Recycled . | . . . Recycled Matter . | . . . Retrieved Matter . | . . . Retrieved Components . | . . . Parts Scanalyzed . | . . . Part Schematics Acquired . | . . . Parts Damaged . | . . . Bothacking | -11 -10 -10 ------------ Run | Yrd Mat Min Used RIF Installer . | . . . Robots Hacked . | . . . Non-combat . | . . . Combat . | . . . Robot Hacks Applied . | . . . Relay Couplers Released . | . . . Fabnet Peak Effective % . | . . . Robots Rewired . | . . . Allies Hacked . | . . . Hacks Repelled . | . . . Allies | -11 -10 -10 -------- Run | Yrd Mat Min Total Allies . | . . . Largest Group . | . . . Highest-Rated Group . | . . . Highest-Rated Ally . | . . . Total Orders . | . . . Ally Attacks . | . . . Total Damage . | . . . Kills . | . . . Allies Corrupted . | . . . Allies Melted . | . . . Intel | -11 -10 -10 ------- Run | Yrd Mat Min Active Infowar (turns) 358 | 56 302 . Terrain 358 | 56 302 . Robot Analysis Total . | . . . Derelict Logs Recovered 2 | . . 2 Drone Launches . | . . . Drone Recoveries . | . . . Exploration | -11 -10 -10 ------------- Run | Yrd Mat Min Turns Passed 903 | 138 365 400 Spaces Moved 341 | 44 111 186 Core 2 | 2 . . Treads 339 | 42 111 186 Legs . | . . . Wheels . | . . . Hover . | . . . Flight . | . . . Fastest Speed 50 | 50 160 160 Average Speed 159 | 155 160 160 Slowest Speed 160 | 160 160 160 Overloaded Moves . | . . . Propulsion Burnouts . | . . . Robots Hopped . | . . . Potential Cave-ins . | . . . Cave-ins Triggered . | . . . Exploration Rate (%) 23 | 3 24 42 Regions Visited 2 Branch Regions 1 Pre-discovered Areas 1 | . 1 . Known Exits Taken . | . . . Unknown Exits Taken 2 | 1 1 . Scrap Searched . | . . . Spaces Dug . | . . . Terrain Destroyed . | . . . Melee . | . . . Projectile . | . . . AOE . | . . . Terrain Rammed . | . . . Walls Destroyed . | . . . Machines Disabled . | . . . Actions | -11 -10 -10 --------- Run | Yrd Mat Min Total 496 | 73 197 226 Wait 23 | . 20 3 Move 339 | 43 110 186 Hop . | . . . Pick Up 10 | 4 6 . Fast Attach 10 | 7 3 . Attach 4 | . 2 2 Detach 2 | . 2 . Swap 3 | . 3 . Drop 1 | . 1 . Fire 104 | 19 50 35 Melee . | . . . Ram . | . . . Kick . | . . . Crush . | . . . Escape Stasis . | . . . Rewire . | . . . Trap . | . . . Miscellaneous . | . . . Route ------- -11/Scrapyard -10/Materials -10/Mines (discovered 1 exit: [*Mat]) History --------- Turn | Location | Event 51 | -11/Scrapyard | Discovered new exit (range 12) 139 | -11/Scrapyard | Entered Materials 309 | -10/Materials | Build established: Mutant 420 | -10/Materials | Core integrity fell below 50% 494 | -10/Materials | Discovered new exit (range 7) 504 | -10/Materials | Entered Mines 561 | -10/Mines | Learned Materials emergency access door positions 581 | -10/Mines | Learned Materials emergency access door positions 820 | -10/Mines | Discovered new exit (range 5) 888 | -10/Mines | Core integrity fell below 20% 904 | -10/Mines | Destroyed by S-10 Pest with Light Assault Rifle Last Messages --------------- 00847_ S-10 Pest destroyed. 00853_ S-10 Pest suffers critical hit (Burn). 00853_ Flight Unit melted. 00853_ S-10 Pest destroyed. 00872_ Particle Gun destroyed. 00876_ Lgt. Cannon destroyed. 00877_ G-47 Trooper heat short circuits Lgt. Nuclear Core. 00878_ G-47 Trooper heat spikes uncontrollably. 00878_ G-47 Trooper overheating. 00881_ G-47 Trooper heat spikes uncontrollably. 00882_ Aluminum Leg melted. 00882_ Particle Gun melted. 00882_ G-47 Trooper destroyed. 00888_ Overheating: System interference. 00888_ Heat Sink temporarily disabled. 00888_ Sml. Laser temporarily disabled. 00888_ Heat Sink temporarily disabled. 00892_ G-34 Mercenary destroyed. 00893_ Acquired 19 matter. Map ----- +----------------------------------------------------+ | ???#####?###### ####????????? | | #?## ###????# ##???????????? | | #?# ##??# ##????????????? | | #?# #?# #?????????????? | | #??# #?# ##?????????????? | | #?## #?## ##??????????????? | | ### #??##????????????????? | | ##############???????? | | ## #???????? | | ?# #???????? | | ?## ############# #???????? | | ??# #?????????### #######?? | | ?## * #?????????# #?? | | ?# !%##?????????# < """ #?? | | # !#??????????# """ #?? | | # #??????????# """ #?? | | ## #??????????# #?? | | ?##### #??????????# """ """ #?? | | ????? ??????????# """ """ #?? | | ????? ??????????# """ """ #?? | | ?????####??????????# #?? | | ???????????????????###### ####?? | | ????????????????????????# #????? | | ????????????????????????# #????? | | ????????????????????????# #????? | | ????????????????????????#@#????? | | ???????????????????????[s*#????? | | ????????????????????? ####????? | | ??????????????????? ?????????? | | ??????????????????###??????????? | | ???????????????????????????????? | | ???????????????????????????????? | | | | | | | | | | | | | | | | | | | | | | | | | | | | | | | | | | | | | +----------------------------------------------------+ Best States ------------- Heat Dissipation 35 Energy Generation 14 Energy Capacity 250 Matter Stores 300 Matter Capacity 300 Sight Range 16 Terrain Scan Range 16 Terrain Scan Density 10 Evasion (%) 40 Recoil Reduction 2 Item Schematics ----------------- None Robot Schematics ------------------ None Fabricated ------------ Nothing Repaired ---------- Nothing Alien Tech Used ----------------- None Achievements -------------- None Challenges ------------ None Game ------ Seed MeleeTechBooster Manual? 0 Play Time 00:05:41 Cumulative 279.5 hours Start 2025.06.09 @ 19:34:54 End 2025.06.09 @ 19:39:21 Sessions 1 Manual Loads 0 Difficulty Rogue Special Mode None Game No. 170 Rogue 170 Adventurer 0 Explorer 0 Win Type - Total 3 Types 1/0/1/1/0/0/0/0/0/0 Lore% 80 Gallery% 67 Achievement% 63 Wizard Run 0 Options --------- Layout 2 ASCII 0 Keyboard 1 Movement Vi Keybinds 0 Fullscreen 1 Font 16/Tamsyn Map View 55x47 Zoom Use 0% Tactical HUD 1 Map Filters NONE Filters NONE Steam 0 RUN: 55da65a7-3755-4a0a-ae80-85961f524f25